 Dungeon Crawl Stone Soup version 0.20-a0-1020-g7b9e4fe (webtiles) character file.

416 M4edhros the Covert (level 6, 0/39 HPs)
             Began as an Octopode Artificer on Apr 18, 2017.
             Was an Initiate of Gozag.
             Succumbed to an adder's poison
             ... on level 4 of the Dungeon.
             The game lasted 00:03:25 (3441 turns).

M4edhros the Covert (Octopode Artificer)            Turns: 3441, Time: 00:03:26

Health: 0/39       AC:  1    Str: 11    XL:     6   Next: 92%
Magic:  8/8        EV: 14    Int: 19    God:    Gozag
Gold:   574        SH:  0    Dex: 14    Spells: 5/5 levels left

rFire    . . .     SeeInvis .   v - +0 spear (pierce)
rCold    . . .     Gourm    .   (no shield)
rNeg     . . .     Faith    .   (helmet restricted)
rPois    .         Spirit   .   (no amulet)
rElec    .         Reflect  .   (no ring)
rCorr    .         Harm     .   (no ring)
MR       .....                  (no ring)
Stlth    +++++.....             (no ring)
Regen    0.2/turn               (no ring)
MPRegen  0.2/turn               (no ring)
                                (no ring)
                                (no ring)

@: brilliant, lethally poisoned (0 -> -9)
A: almost no armour, stealthy swim, amphibious, 8 rings, constrict 8, camouflage
1, gelatinous body 1
a: Potion Petition, Call Merchant, Bribe Branch, Renounce Religion


You were on level 4 of the Dungeon.
You worshipped Gozag.
Gozag was pleased with you.
You were near starving.

You visited 1 branch of the dungeon, and saw 4 of its levels.

You collected 629 gold pieces.
You paid 55 gold pieces to Gozag.

Inventory:

Hand Weapons
 a - a +0 short sword
 v - a +0 spear of piercing (weapon)
Missiles
 p - 17 sling bullets
Armour
 B - a +0 large shield
Jewellery
 g - an uncursed ring of see invisible {unknown}
 q - an uncursed ring of poison resistance {unknown}
 u - an uncursed ring of protection from magic {unknown}
Wands
 b - a wand of flame (3/48)
 c - a wand of enslavement (13/24)
 d - a wand of random effects (13/48)
 A - a wand of iceblast (6/15)
Scrolls
 e - a scroll of remove curse {unknown}
 h - 2 scrolls of teleportation {unknown}
 l - 5 scrolls of identify {unknown}
 m - a scroll of enchant weapon {unknown}
 n - a scroll of immolation {unknown}
 r - a scroll of fog {unknown}
 w - 2 scrolls of enchant armour {unknown}
 y - a scroll of fear {unknown}
Potions
 j - a potion of brilliance
 o - a potion of heal wounds {unknown}
 s - a potion of berserk rage {unknown}
 t - a potion of mutation {unknown}
 x - 2 potions of magic {unknown}
 z - a potion of haste {unknown}
 C - a potion of cancellation {unknown}
 D - a potion of might {unknown}
Comestibles
 f - 4 bread rations
 i - 2 meat rations
 k - a royal jelly


   Skills:
 + Level 2.0 Fighting
 - Level 1.0 Short Blades
 + Level 2.6 Dodging
 + Level 8.2 Stealth
 * Level 2.4 Shields
 - Level 3.2 Evocations


You had 5 spell levels left.
You didn't know any spells.

Dungeon Overview and Level Annotations

Branches:
Dungeon (4/15)
 Temple: D:4-7

Altars:
Dithmenos
Gozag
Uskayaw

Annotations:
D:3 Uristic's ghost, novice HuFi


Innate Abilities, Weirdness & Mutations

You cannot wear most types of armour.
You are very stealthy in the water. (Stealth+)
You are amphibious.
You can wear up to eight rings at the same time.
You can use your tentacles to constrict eight enemies at once.
Your skin changes colour to match your surroundings (Stealth+).
Your rubbery body absorbs attacks. (AC +1, EV +1)


Message History

The adder poisons you! The adder misses you.
Attack whom?
Press: ? - help, Dir - move target cursor, f/p - adder
Aim: an adder You hit the adder.
Your grab misses the adder.
The adder is moderately wounded.
You feel sick. The adder bites you.
* * * LOW HITPOINT WARNING * * *
You hit the adder. Your grab misses the adder.
The adder is severely wounded.
You feel sick. The adder bites you.
* * * LOW HITPOINT WARNING * * *
The adder bites you.
* * * LOW HITPOINT WARNING * * *
You are more poisoned.
The adder poisons you!
It was a potion of brilliance.
You feel clever all of a sudden.
You die...
Your body crumbles into a pile of gold.

#.........#............#
##.......#########...(..
##.....## #......
#####.# #.....#
####.####### ##.....
#..........# #......
#$........$#.........
#............###.o...
#...@...<..## #.....
#...S......# #.....
#..........# #.....
#..........# #.....
#..........# #####
#..........#
############


You could see an adder.

Vanquished Creatures
  An ogre (D:4)
  A hound (D:4)
  2 orc wizards (D:4)
  Jessica (D:2)
  2 worker ants (D:4)
  9 adders
  3 worms
  5 dart slugs
  A leopard gecko (D:2)
  9 orcs
  A ball python (D:4)
  3 giant cockroaches
  2 goblins
  5 hobgoblins
  6 jackals
  2 quokkas
  4 bats
  6 frilled lizards
  4 kobolds (D:1)
  A quokka skeleton (D:4)
  10 rats
78 creatures vanquished.

Vanquished Creatures (collateral kills)
  A worm (D:2)
  2 frilled lizards (D:2)
3 creatures vanquished.

Grand Total: 81 creatures vanquished

Notes
Turn   | Place    | Note
-------+----------+-------------------------------------------
     0 | D:1      | M4edhros the Octopode Artificer began the quest for the Orb.
     0 | D:1      | Reached XP level 1. HP: 13/13 MP: 3/3
   159 | D:1      | Reached skill level 2 in Stealth
   189 | D:2      | Reached skill level 3 in Stealth
   189 | D:2      | Reached XP level 2. HP: 3/18 MP: 4/4
   855 | D:2      | Noticed Jessica
   857 | D:2      | Killed Jessica
   857 | D:2      | Reached skill level 4 in Stealth
   857 | D:2      | Reached XP level 3. HP: 23/23 MP: 5/5
   871 | D:3      | Found an opulent altar of Gozag.
   877 | D:3      | Reached skill level 5 in Stealth
   992 | D:3      | Became a worshipper of Gozag Ym Sagoz the Greedy
  1023 | D:2      | HP: 1/23 [worm (10)]
  1025 | D:2      | Reached XP level 4. HP: 2/28 MP: 6/6
  1956 | D:2      | Reached skill level 6 in Stealth
  2295 | D:3      | Reached XP level 5. HP: 33/33 MP: 7/7
  2361 | D:3      | Found a shadowy altar of Dithmenos.
  2413 | D:3      | Reached skill level 7 in Stealth
  2584 | D:3      | Found a hide-covered altar of Uskayaw.
  2613 | D:3      | Noticed Uristic's ghost (novice HuFi)
  2985 | D:4      | Noticed an ogre
  2996 | D:4      | Killed an ogre
  2996 | D:4      | Reached skill level 1 in Shields
  2996 | D:4      | Reached XP level 6. HP: 38/38 MP: 8/8
  3077 | D:4      | Reached skill level 8 in Stealth
  3440 | D:4      | HP: 1/39 [adder (5)]
  3441 | D:4      | Succumbed to an adder's poison

Vault maps used:
D:1:      ncdulo_smallfort
D:2:      first_bread, minmay_misc_feat_nine_boxes, uniq_jessica
D:3:      nicolae_dithmenos_through_a_glass_darkly, lemuel_round_altar,
          grunt_gozag_statues

Skill      XL: |  1  2  3  4  5  6 |
---------------+-------------------+-----
Stealth        | 3 4 5 6 7 8 |  8.2
Shields        | 1 2 |  2.4
Fighting       | 2 |  2.0
Short Blades   | |  1.0
Dodging        | |  2.6
Evocations     | |  3.2

Action                   |  1- 3 |  4- 6 || total
-------------------------+-------+-------++-------
Melee: Short sword       |    35 |    31 ||    66
       Constrict         |     9 |    41 ||    50
       Tentacles         |     7 |    25 ||    32
       Spear             |       |   123 ||   123
Evoke: Wand              |     1 |    15 ||    16
  Use: Potion            |       |     1 ||     1
 Stab: Sleeping          |     4 |    15 ||    19
       Distracted        |       |     2 ||     2
  Eat: Bread ration      |       |     1 ||     1
       Royal jelly       |       |     1 ||     1
Armor: Skin              |     3 |    10 ||    13
Dodge: Dodged            |    16 |   104 ||   120
